NYP
CHICAGO (NYP) WHITE SOX @ MAHONING VALLEY SCRAPPERS
06/09/2047
 
TOP OF THE 1ST
Chicago (NYP) White Sox batting - Pitching for Mahoning Valley Scrappers : RHP Arturo Rojas
Pitching: RHP Arturo Rojas
Batting: RHB Luwen Storm 0-0: Foul Ball, location: 2F
0-1: Ball
1-1: Ball
2-1: Foul Ball, location: 2F
2-2: Foul Ball, location: 2F
2-2: Strikes out swinging
Batting: RHB Ethan McCullough 0-0: Swinging Strike
0-1: Swinging Strike
0-2: Ball
1-2: Strikes out looking
Batting: RHB Tony Garcia 0-0: Swinging Strike
0-1: Called Strike
0-2: Ball
1-2: Foul Ball, location: 2F
1-2: Ground out 6-3 (Groundball, P, EV 81.9 MPH)
Top of the 1st over - 0 runs, 0 hits, 0 errors, 0 left on base; Chicago (NYP) 0 - Mahoning Valley 0
BOTTOM OF THE 1ST
Mahoning Valley Scrappers batting - Pitching for Chicago (NYP) White Sox : RHP Steve Friesner
Pitching: RHP Steve Friesner
Batting: SHB Scott Scott 0-0: Swinging Strike
0-1: Foul Ball, location: 2F
0-2: Foul Ball, location: 2F
0-2: DOUBLE (Flyball, 8LD, EV 96.2 MPH)
Batting: LHB Kazuyoshi Nakamura 0-0: Foul Ball, location: 2F
0-1: Ground out 4-3 (Groundball, 4, EV 82.5 MPH)
Scott Scott to third
Batting: LHB Ben Rubenacker 0-0: Called Strike
0-1: Foul Ball, location: 2F
0-2: Ball
1-2: Ball
2-2: Ground out U3 (Groundball, 34, EV 106.2 MPH)
Scott Scott scores
Batting: LHB Tony Vitela 0-0: Called Strike
0-1: Called Strike
0-2: Ground out 4-3 (Groundball, 4S, EV 91.2 MPH)
Bottom of the 1st over - 1 run, 1 hit, 0 errors, 0 left on base; Chicago (NYP) 0 - Mahoning Valley 1
TOP OF THE 2ND
Chicago (NYP) White Sox batting - Pitching for Mahoning Valley Scrappers : RHP Arturo Rojas
Batting: LHB Adam Tarbutton 0-0: Ball
1-0: Called Strike
1-1: Foul Ball, location: 2F
1-2: Foul Ball, location: 2F
1-2: Ball
2-2: Foul Ball, location: 2F
2-2: Foul Ball, location: 2F
2-2: Ball
3-2: Ground out U3 (Groundball, 34, EV 82.5 MPH)
Batting: RHB Sean Peake 0-0: Ball
1-0: Called Strike
1-1: Ball
2-1: Swinging Strike
2-2: Foul Ball, location: 2F
2-2: Strikes out swinging
Batting: RHB Armando Vazquez 0-0: Ball
1-0: Ball
2-0: Ball
3-0: Base on Balls
Batting: SHB Olaf Zoeteman 0-0: Foul Ball, location: 2F
0-1: Ball
1-1: Ball
2-1: Called Strike
2-2: Strikes out swinging
Top of the 2nd over - 0 runs, 0 hits, 0 errors, 1 left on base; Chicago (NYP) 0 - Mahoning Valley 1
BOTTOM OF THE 2ND
Mahoning Valley Scrappers batting - Pitching for Chicago (NYP) White Sox : RHP Steve Friesner
Batting: RHB Mitch Boyd 0-0: Hit by Pitch
Batting: RHB Alex Vasquez 0-0: Called Strike
Mitch Boyd is caught stealing 2nd base 2-4
0-1: Ball
1-1: Ball
2-1: Swinging Strike
2-2: Ground out 5-3 (Groundball, 56S, EV 93.8 MPH)
Batting: RHB Willie Gonzales 0-0: Foul Ball, location: 2F
0-1: Ball
1-1: Called Strike
1-2: Strikes out looking
Bottom of the 2nd over - 0 runs, 0 hits, 0 errors, 0 left on base; Chicago (NYP) 0 - Mahoning Valley 1
TOP OF THE 3RD
Chicago (NYP) White Sox batting - Pitching for Mahoning Valley Scrappers : RHP Arturo Rojas
Batting: RHB Kunimatsu Oya 0-0: Ground out 6-3 (Groundball, 6, EV 99.4 MPH)
Batting: SHB Malik Whitted 0-0: Swinging Strike
0-1: Ball
1-1: Ball
2-1: Called Strike
2-2: Strikes out swinging
Batting: RHB Luwen Storm 0-0: Called Strike
0-1: Foul Ball, location: 2F
0-2: Strikes out swinging
Top of the 3rd over - 0 runs, 0 hits, 0 errors, 0 left on base; Chicago (NYP) 0 - Mahoning Valley 1
BOTTOM OF THE 3RD
Mahoning Valley Scrappers batting - Pitching for Chicago (NYP) White Sox : RHP Steve Friesner
Batting: RHB Eric Kuck 0-0: Called Strike
0-1: Ball
1-1: Ball
2-1: Foul Ball, location: 2F
2-2: Ball
3-2: Reached on error, E6 (Groundball, 6, EV 100.0 MPH)
Batting: RHB Harris Leroux 0-0: Ball
1-0: Called Strike
1-1: Grounds into double play, 6-4-3 (Groundball, 56, EV 90.6 MPH)
Batting: SHB Scott Scott 0-0: Ball
1-0: Foul Ball, location: 2F
1-1: Called Strike
1-2: Foul Ball, location: 2F
1-2: Foul Ball, location: 2F
1-2: Strikes out swinging
Bottom of the 3rd over - 0 runs, 0 hits, 1 error, 0 left on base; Chicago (NYP) 0 - Mahoning Valley 1
TOP OF THE 4TH
Chicago (NYP) White Sox batting - Pitching for Mahoning Valley Scrappers : RHP Arturo Rojas
Batting: RHB Ethan McCullough 0-0: Ball
1-0: Hit by Pitch
Pinch Runner at 1st Andres Agudo:
Batting: RHB Tony Garcia 0-0: Ball
Andres Agudo steals 2nd base
1-0: Foul Ball, location: 2F
1-1: Foul Ball, location: 2F
1-2: Ball
2-2: Ball
3-2: Foul Ball, location: 2F
3-2: SINGLE (Flyball, 8RS, EV 94.4 MPH)
Andres Agudo to third
Batting: LHB Adam Tarbutton 0-0: Ball
1-0: Called Strike
1-1: Swinging Strike
1-2: Foul Ball, location: 2F
1-2: Strikes out looking
Tony Garcia steals 2nd base
Batter strikes out.
Batting: RHB Sean Peake 0-0: Called Strike
0-1: Ball
1-1: Ball
2-1: Swinging Strike
2-2: Ground out 5-3 (Groundball, 5, EV 85.0 MPH)
Batting: RHB Armando Vazquez 0-0: Ball
1-0: Fly out, F7 (Line Drive, 78M, EV 93.1 MPH)
Top of the 4th over - 0 runs, 1 hit, 0 errors, 2 left on base; Chicago (NYP) 0 - Mahoning Valley 1
BOTTOM OF THE 4TH
Mahoning Valley Scrappers batting - Pitching for Chicago (NYP) White Sox : RHP Steve Friesner
Now at 2B: Luwen Storm
Now at 3B: Andres Agudo
Batting: LHB Kazuyoshi Nakamura 0-0: Called Strike
0-1: Fly out, F8 (Flyball, 8RM, EV 88.1 MPH)
Batting: LHB Ben Rubenacker 0-0: Ball
1-0: Foul Ball, location: 2F
1-1: Foul Ball, location: 2F
1-2: Hit by Pitch
Batting: LHB Tony Vitela 0-0: Called Strike
0-1: Foul Ball, location: 2F
0-2: Ball
1-2: Foul Ball, location: 2F
1-2: Grounds into double play, 6-4-3 (Groundball, 6S, EV 85.0 MPH)
Bottom of the 4th over - 0 runs, 0 hits, 0 errors, 0 left on base; Chicago (NYP) 0 - Mahoning Valley 1
TOP OF THE 5TH
Chicago (NYP) White Sox batting - Pitching for Mahoning Valley Scrappers : RHP Arturo Rojas
Batting: SHB Olaf Zoeteman 0-0: Ball
1-0: Fly out, F9 (Flyball, 9LD, EV 98.1 MPH)
Batting: RHB Kunimatsu Oya 0-0: Ball
1-0: Ball
2-0: Ground out 4-3 (Groundball, 4M, EV 100.6 MPH)
Batting: SHB Malik Whitted 0-0: SINGLE (Groundball, 6D, EV 98.8 MPH)
Batting: RHB Luwen Storm 0-0: Foul Ball, location: 2F
0-1: Swinging Strike
0-2: Strikes out swinging
Top of the 5th over - 0 runs, 1 hit, 0 errors, 1 left on base; Chicago (NYP) 0 - Mahoning Valley 1
BOTTOM OF THE 5TH
Mahoning Valley Scrappers batting - Pitching for Chicago (NYP) White Sox : RHP Steve Friesner
Batting: RHB Mitch Boyd 0-0: Called Strike
0-1: Called Strike
0-2: Strikes out looking
Batting: RHB Alex Vasquez 0-0: Ball
1-0: Ball
2-0: Ball
3-0: Base on Balls
Batting: RHB Willie Gonzales 0-0: Ball
1-0: Foul Ball, location: 2F
1-1: Fly out, F9 (Flyball, 9D, EV 110.6 MPH)
Batting: RHB Eric Kuck 0-0: Called Strike
0-1: Foul Ball, location: 2F
0-2: Ball
1-2: Ball
2-2: Strikes out swinging
Bottom of the 5th over - 0 runs, 0 hits, 0 errors, 1 left on base; Chicago (NYP) 0 - Mahoning Valley 1
TOP OF THE 6TH
Chicago (NYP) White Sox batting - Pitching for Mahoning Valley Scrappers : RHP Arturo Rojas
Batting: SHB Andres Agudo 0-0: SINGLE (Line Drive, 34D, EV 96.2 MPH)
Batting: RHB Tony Garcia 0-0: Foul Ball, location: 2F
0-1: Ball
1-1: Swinging Strike
1-2: Ball
Wild Pitch!
Andres Agudo to second
2-2: Ball
3-2: Ground out 6-3 (Groundball, 6, EV 105.0 MPH)
Batting: LHB Adam Tarbutton 0-0: Ball
1-0: Ball
2-0: Ball
3-0: Base on Balls
Batting: RHB Sean Peake 0-0: Ball
1-0: Swinging Strike
1-1: Fly out, F7 (Flyball, 7, EV 77.5 MPH)
Batting: RHB Armando Vazquez 0-0: Ball
1-0: Ball
2-0: Foul Ball, location: 2F
2-1: Swinging Strike
2-2: Strikes out looking
Top of the 6th over - 0 runs, 1 hit, 0 errors, 2 left on base; Chicago (NYP) 0 - Mahoning Valley 1
BOTTOM OF THE 6TH
Mahoning Valley Scrappers batting - Pitching for Chicago (NYP) White Sox : RHP Steve Friesner
Batting: RHB Harris Leroux 0-0: SINGLE (Line Drive, 3D, EV 93.8 MPH)
Batting: SHB Scott Scott 0-0: Called Strike
0-1: Called Strike
0-2: Strikes out looking
Batting: LHB Kazuyoshi Nakamura 0-0: Ball
1-0: Foul Ball, location: 2F
1-1: DOUBLE (Line Drive, 5D, EV 95.0 MPH)
Harris Leroux to third
Runner from 3rd tries for Home, SAFE, throw by LF to home
Batting: LHB Ben Rubenacker 0-0: Called Strike
0-1: Called Strike
0-2: Foul Ball, location: 2F
0-2: Strikes out swinging
Batting: LHB Tony Vitela 0-0: Ball
1-0: Ball
2-0: Called Strike
2-1: Foul Ball, location: 2F
2-2: Ball
3-2: Ground out U3 (Groundball, 13, EV 89.4 MPH)
Bottom of the 6th over - 1 run, 2 hits, 0 errors, 1 left on base; Chicago (NYP) 0 - Mahoning Valley 2
TOP OF THE 7TH
Chicago (NYP) White Sox batting - Pitching for Mahoning Valley Scrappers : RHP Arturo Rojas
Batting: SHB Olaf Zoeteman 0-0: Called Strike
0-1: Ball
1-1: Fly out, F9 (Flyball, 9LS, EV 94.4 MPH)
Pitching: RHP Ryan Bushey
Batting: RHB Kunimatsu Oya 0-0: Swinging Strike
0-1: Ball
1-1: Foul Ball, location: 2F
1-2: Ball
2-2: Hit by Pitch
Batting: SHB Malik Whitted 0-0: Called Strike
0-1: Ball
1-1: Swinging Strike
1-2: Ball
2-2: Ball
3-2: Strikes out swinging
Batting: RHB Luwen Storm 0-0: Called Strike
Kunimatsu Oya steals 2nd base
0-1: Ball
1-1: Ball
2-1: Called Strike
2-2: Strikes out swinging
Top of the 7th over - 0 runs, 0 hits, 0 errors, 1 left on base; Chicago (NYP) 0 - Mahoning Valley 2
BOTTOM OF THE 7TH
Mahoning Valley Scrappers batting - Pitching for Chicago (NYP) White Sox : RHP Steve Friesner
Batting: RHB Mitch Boyd 0-0: Called Strike
0-1: Called Strike
0-2: Ball
1-2: Foul Ball, location: 2F
1-2: Ball
2-2: Strikes out swinging
Batting: RHB Alex Vasquez 0-0: Swinging Strike
0-1: Foul Ball, location: 2F
0-2: Ball
1-2: Strikes out swinging
Batting: RHB Willie Gonzales 0-0: SINGLE (Groundball, 34D, EV 102.5 MPH)
Batting: RHB Eric Kuck 0-0: Ball
1-0: Called Strike
1-1: Called Strike
1-2: Ball
2-2: Ball
Wild Pitch!
Willie Gonzales to second
3-2: Base on Balls
Batting: RHB Harris Leroux 0-0: Swinging Strike
0-1: Foul Ball, location: 2F
0-2: DOUBLE (Groundball, 5L, EV 107.5 MPH)
Willie Gonzales scores
Eric Kuck to third
Runner from 3rd tries for Home, SAFE, throw by LF to home
Pitching: LHP Yusufu Mustafa
Batting: SHB Scott Scott 0-0: Ball
Wild Pitch!
Harris Leroux to third
1-0: Ball
2-0: Reached on error, E5 (Groundball, 56, EV 83.1 MPH)
Harris Leroux scores
Batting: LHB Kazuyoshi Nakamura 0-0: Called Strike
0-1: Swinging Strike
0-2: Ball
1-2: Strikes out swinging
Bottom of the 7th over - 3 runs, 2 hits, 1 error, 1 left on base; Chicago (NYP) 0 - Mahoning Valley 5
TOP OF THE 8TH
Chicago (NYP) White Sox batting - Pitching for Mahoning Valley Scrappers : RHP Ryan Bushey
Batting: SHB Andres Agudo 0-0: Ball
1-0: Called Strike
1-1: Foul Ball, location: 2F
1-2: Foul Ball, location: 2F
1-2: Foul Ball, location: 2F
1-2: Foul Ball, location: 2F
1-2: Strikes out swinging
Batting: RHB Tony Garcia 0-0: Swinging Strike
0-1: Ground out 5-3 (Groundball, 56S, EV 93.1 MPH)
Batting: LHB Adam Tarbutton 0-0: Ball
1-0: Ball
2-0: Ball
3-0: Called Strike
3-1: Base on Balls
Batting: RHB Sean Peake 0-0: Called Strike
0-1: Ball
1-1: SINGLE (Groundball, 6S, EV 74.4 MPH) (infield hit)
Adam Tarbutton to second
Batting: RHB Armando Vazquez 0-0: Called Strike
0-1: Foul Ball, location: 2F
0-2: Ball
1-2: Foul Ball, location: 2F
1-2: Fly out, F8 (Flyball, 8RXD, EV 86.9 MPH)
Top of the 8th over - 0 runs, 1 hit, 0 errors, 2 left on base; Chicago (NYP) 0 - Mahoning Valley 5
BOTTOM OF THE 8TH
Mahoning Valley Scrappers batting - Pitching for Chicago (NYP) White Sox : LHP Yusufu Mustafa
Batting: LHB Ben Rubenacker 0-0: Called Strike
0-1: Ball
1-1: Fly out, F8 (Flyball, 78D, EV 103.1 MPH)
Batting: LHB Tony Vitela 0-0: Called Strike
0-1: Hit by Pitch
Batting: RHB Mitch Boyd 0-0: Called Strike
0-1: Called Strike
0-2: Strikes out swinging
Batting: RHB Alex Vasquez 0-0: Fly out, F5 (Popup, 56S, EV 83.8 MPH)
Bottom of the 8th over - 0 runs, 0 hits, 0 errors, 1 left on base; Chicago (NYP) 0 - Mahoning Valley 5
TOP OF THE 9TH
Chicago (NYP) White Sox batting - Pitching for Mahoning Valley Scrappers : RHP Ryan Bushey
Batting: SHB Olaf Zoeteman 0-0: Called Strike
0-1: Foul Ball, location: 2F
0-2: Strikes out swinging
Batting: RHB Kunimatsu Oya 0-0: Ball
1-0: Foul Ball, location: 2F
1-1: Called Strike
1-2: Foul Ball, location: 2F
1-2: Ball
2-2: Foul Ball, location: 2F
2-2: SINGLE (Line Drive, 8LS, EV 94.4 MPH)
Pitching: RHP Jonah Syndergaard
Batting: SHB Malik Whitted 0-0: Ball
1-0: Ball
2-0: Foul Ball, location: 2F
2-1: Swinging Strike
2-2: Foul Ball, location: 2F
2-2: Foul Ball, location: 2F
2-2: Ball
3-2: Strikes out swinging
Batting: RHB Luwen Storm 0-0: Called Strike
0-1: Swinging Strike
0-2: Ball
1-2: Ball
2-2: Fly out, F9 (Flyball, 9, EV 90.6 MPH)
Top of the 9th over - 0 runs, 1 hit, 0 errors, 1 left on base; Chicago (NYP) 0 - Mahoning Valley 5
Thursday, December 15th , 2022 - OOTP Baseball 23.9 Build 102